 Dungeon Crawl Stone Soup version 0.21-a0-528-gf531e82 (webtiles) character file.

84 sequroo the Chucker (level 4, 5/48 HPs)
             Began as an Ogre Hunter on Dec 8, 2017.
             Quit the game on level 2 of the Dungeon.
             The game lasted 00:06:55 (1899 turns).

sequroo the Chucker (Ogre Hunter)                   Turns: 1899, Time: 00:06:55

Health: 5/48       AC:  3    Str: 16    XL:     4   Next: 45%
Magic:  4/4        EV: 10    Int: 12    God:
Gold:   117        SH:  0    Dex: 10    Spells: 3/3 levels left

rFire    . . .     SeeInvis .   o - +1 dagger (speed)
rCold    . . .     Gourm    .   (no shield)
rNeg     . . .     Faith    .   b - +0 robe
rPois    .         Spirit   .   (helmet restricted)
rElec    .         Reflect  .   (no cloak)
rCorr    .         Harm     .   (gloves unavailable)
MR       .....     Rnd*Tele +   (boots unavailable)
Stlth    +.........             (no amulet)
HPRegen  0.16/turn              (no ring)
MPRegen  0.09/turn              (no ring)

@: no status effects
A: large, unfitting armour, horns 1, deterioration 1, teleportitis 1, tough skin
1
a: no special abilities


You were on level 2 of the Dungeon.
You were hungry.

You visited 1 branch of the dungeon, and saw 2 of its levels.

You collected 117 gold pieces.

Inventory:

Hand Weapons
 g - a +0 club
 k - a +0 hand axe
 m - a +2 short sword of protection
 o - a +1 dagger of speed (weapon)
Missiles
 a - 38 stones (quivered)
 d - 2 throwing nets
Armour
 b - a +0 robe (worn)
Scrolls
 e - a scroll of fog {unknown}
 h - a scroll of blinking {unknown}
 i - a scroll of fear {unknown}
 l - a scroll of enchant armour {unknown}
 p - a scroll of identify {unknown}
Potions
 j - 2 potions of mutation
Comestibles
 f - 2 bread rations
 n - 5 chunks of flesh


   Skills:
 + Level 3.6 Fighting
 * Level 1.3 Maces & Flails
 + Level 4.7 Throwing
 + Level 2.4 Dodging
 - Level 0.6 Stealth


You had 3 spell levels left.
You didn't know any spells.

Dungeon Overview and Level Annotations

Branches:
Dungeon (2/15)

Altars:
Ru
Trog
Uskayaw


Innate Abilities, Weirdness & Mutations

You are too large for most types of armour.
You have tough skin. (AC +1)
You have a pair of small horns on your head.
Your body sometimes deteriorates upon taking damage.
You are occasionally teleported next to monsters.


Message History

The bat hits you but does no damage. The bat hits you but does no damage.
The bat hits you but does no damage. The bat misses you.
There is an open door here.
The bat hits you but does no damage.
It was a potion of mutation.
You feel extremely strange.
You feel weirdly uncertain.
You feel yourself wasting away. A pair of horns grows on your head!
The bat hits you.
* * * LOW HITPOINT WARNING * * *
The bat hits you but does no damage. The bat closely misses you.
The bat closely misses you. The bat hits you but does no damage.
The bat hits you but does no damage. x2
The bat hits you but does no damage. The bat misses you.
The bat hits you but does no damage. The bat misses you.
Are you sure you want to abandon this character and quit the game? (Confirm with "yes".)

#.####.####.#.#
#.........#.
#...........#.#
#.........#.
######.######.###
#.........##
#.#####....#
#.....g...#
#..........#
#....r....#
#######....#
#####'##+### #....#
####.##....
#....#######..........
#....@b.r.gg.........#
#.....r..............#
#....................#
#....................#
#....)...............#
#....................#
############.........#
#.........#
#.........#


You could see 2 goblins, a bat and 2 rats.

Vanquished Creatures
  A hound (D:2)
  An adder (D:2)
  An ooze (D:1)
  3 worms (D:2)
  2 bats (D:2)
  2 giant cockroaches (D:2)
  3 goblins
  5 hobgoblins
  2 jackals (D:1)
  2 frilled lizards
  4 kobolds
  10 rats
  16 fungi (D:1)
52 creatures vanquished.

Notes
Turn   | Place    | Note
-------+----------+-------------------------------------------
     0 | D:1      | sequroo the Ogre Hunter began the quest for the Orb.
     0 | D:1      | Reached XP level 1. HP: 22/22 MP: 1/1
    48 | D:1      | Reached XP level 2. HP: 14/31 MP: 2/2
  1252 | D:2      | Noticed a hand axe
  1253 | D:2      | Noticed a hand axe
  1255 | D:2      | Found a hide-covered altar of Uskayaw.
  1294 | D:2      | Noticed a moth of wrath
  1296 | D:2      | Found a bloodstained altar of Trog.
  1336 | D:2      | Reached XP level 3. HP: 3/37 MP: 3/3
  1409 | D:2      | Found a sacrificial altar of Ru.
  1687 | D:2      | Reached XP level 4. HP: 45/45 MP: 4/4
  1747 | D:2      | Reached skill level 1 in Maces & Flails
  1889 | D:2      | Gained mutation: You are occasionally teleported next to monsters. [potion of mutation]
  1889 | D:2      | Gained mutation: Your body sometimes deteriorates upon taking damage. [potion of mutation]
  1889 | D:2      | Gained mutation: You have a pair of small horns on your head. [potion of mutation]
  1899 | D:2      | Quit the game

Vault maps used:
D:1:      dpeg_arrival_stonehenge_8_columns, minmay_gold_behind_fungi
D:2:      nicolae_ru_sacrificial_ziggurat, tgw_trog, bloody_makhleb,
          dancing_weapons_uskayaw, grunt_dithmenos_smoke,
          minmay_misc_feat_alley, minmay_hexomino_f4

Skill      XL: |  1  2  3  4 |
---------------+-------------+-----
Fighting       | 3 |  3.6
Dodging        | 2 |  2.4
Maces & Flails | 1 |  1.3
Throwing       | |  4.7
Stealth        | |  0.6

Action                   |  1- 3 |  4- 6 || total
-------------------------+-------+-------++-------
Melee: Short sword       |   259 |     1 ||   260
       Hand axe          |     8 |       ||     8
       Dagger            |       |    29 ||    29
Throw: Stone             |     5 |    16 ||    21
       Large rock        |     2 |     6 ||     8
  Use: Potion            |       |     1 ||     1
 Stab: Sleeping          |     1 |       ||     1
  Eat: Chunk             |     2 |     1 ||     3
Armor: Robe              |    37 |    32 ||    69
Dodge: Dodged            |    60 |    54 ||   114

Table legend:
 A = Spawn XP
 B = Non-spawn XP
 C = Spawn XP percentage of total XP
 D = Spawn monster count
 E = Non-spawn monster count
 F = Spawn count percentage of total count
 G = Total turns spent on level
                    A         B        C        D         E        F      G
               +---------+---------+-------+---------+---------+-------+---------
         Total |       0 |     120 |   0.0 |       0 |      36 |   0.0 |  1899
               +---------+---------+-------+---------+---------+-------+---------
           D:1 |       0 |      25 |   0.0 |       0 |      13 |   0.0 |  1251
           D:2 |       0 |      95 |   0.0 |       0 |      23 |   0.0 |   648
               +---------+---------+-------+---------+---------+-------+---------
